 Dungeon Crawl Stone Soup version 0.23.2-40-g277498a001 (webtiles) character file.

Game seed: 16513602102654731551

282 Destructed3 the Sneak (level 6, 0/34 HPs)
             Began as a Vine Stalker Fighter on Oct 21, 2019.
             Was a Follower of Wu Jian.
             Killed by nerve-wracking pain
             ... invoked by Grinder
              (7 damage)
             ... on level 4 of the Dungeon.
             The game lasted 00:13:01 (2520 turns).

Destructed3 the Sneak (Vine Stalker Fighter)        Turns: 2520, Time: 00:13:01

Health: 0/34       AC:  6    Str: 20    XL:     6   Next: 28%
Magic:  0/7        EV:  7    Int:  8    God:    Wu Jian [*.....]
Gold:   238        SH:  9    Dex: 14    Spells: 5/5 levels left

rFire    . . .     SeeInvis .   a - +0 trident
rCold    . . .     Gourm    .   c - +0 shield
rNeg     . . .     Faith    .   b - +0 scale mail
rPois    .         Spirit   +   (no helmet)
rElec    .         Reflect  .   (no cloak)
rCorr    .         Harm     +   (no gloves)
MR       .....                  (no boots)
Stlth    ++........             g - amulet of harm
HPRegen  0.51/turn              (no ring)
MPRegen  0.10/turn              (no ring)

@: no status effects
A: fangs 2, regeneration 1, magic shield, antimagic bite, no potion heal 3, rot
immunity
a: Renounce Religion


You were on level 4 of the Dungeon.
You worshipped Wu Jian.
Wu Jian was aware of your devotion.
You were hungry.

You visited 1 branch of the dungeon, and saw 4 of its levels.

You collected 238 gold pieces.

Inventory:

Hand Weapons
 a - a +0 trident (weapon)
 e - a +0 spear
Missiles
 o - 20 arrows
 q - 81 stones (quivered)
 r - 10 poisoned needles
Armour
 b - a +0 scale mail (worn)
 c - a +0 shield (worn)
 p - a +2 pair of gloves
Jewellery
 g - an amulet of harm (around neck)
 j - a +3 amulet of reflection {unknown}
 k - a cursed ring of attention {unknown}
 s - a +3 ring of evasion {unknown}
Wands
 u - a wand of polymorph (6)
Scrolls
 i - 3 scrolls of fog
 t - a scroll of teleportation
 w - a scroll of blinking {unknown}
Potions
 d - a potion of might
 h - 2 potions of brilliance {unknown}
 l - a potion of flight {unknown}
 m - 2 potions of agility {unknown}
 n - a potion of haste {unknown}
Comestibles
 f - 3 rations
 v - 3 chunks of flesh


   Skills:
 + Level 4.7 Fighting
 - Level 2.0 Polearms
 - Level 2.4 Armour
 + Level 5.3 Stealth
 - Level 2.6 Shields


You had 5 spell levels left.
You didn't know any spells.
Your spell library was empty.

Dungeon Overview and Level Annotations

Branches:
Dungeon (4/15)
 Temple: D:4-7

Altars:
Gozag
Nemelex Xobeh
Wu Jian

Annotations:
D:4 Grinder


Innate Abilities, Weirdness & Mutations

You have extremely sharp teeth.
Your natural rate of healing is unusually fast.
When hurt, damage is shared between your health and your magic reserves.
Your bite disrupts and absorbs the magic of your enemies.
Potions cannot restore your health.
You are immune to rotting.


Message History

Uppercase [Y]es or [N]o only, please.
Keep equipping yourself?
Uppercase [Y]es or [N]o only, please.
Keep equipping yourself?
You stop putting on your armour.
You are too injured to fight recklessly!
You are too injured to fight recklessly!
You are too injured to fight recklessly!
You are too injured to fight recklessly!
You are too injured to fight recklessly!
You are too injured to fight recklessly!
You hit Grinder.
Grinder is heavily wounded.
Grinder gestures at you. You resist with some effort.
You hit Grinder but do no damage. You bite Grinder, but do no damage.
Grinder is heavily wounded.
Grinder gestures at you. Pain shoots through your body!
You die...

.... ............##.....
..... #..................
.....##........÷.###.....
.........................
............#.####.......
.................<.###.##
.#.#...#...##......###.#
.......5.#....####.....#
..§.#.##@..##..#########
..##.. ###........# .
...# #####..#.# #.## #..#
# .. #... ..##. #.. #.
##. ## .


You could see Grinder.

Vanquished Creatures
  A centaur skeleton (D:4)
  Natasha (thrice) (D:3)
  2 worker ants
  6 adders
  A howler monkey skeleton (D:4)
  2 worms (D:2)
  2 dart slugs
  A leopard gecko (D:3)
  3 orcs (D:3)
  4 ball pythons
  3 giant cockroaches
  6 goblins
  9 hobgoblins
  2 jackals (D:3)
  3 kobolds
  2 quokkas
  4 bats
  8 frilled lizards
  A leopard gecko zombie (D:4)
  6 rats
69 creatures vanquished.

Notes
Turn   | Place    | Note
-------+----------+-------------------------------------------
     0 | D:1      | Destructed3 the Vine Stalker Fighter began the quest for
                  | the Orb.
     0 | D:1      | Reached XP level 1. HP: 11/11 MP: 2/2
    25 | D:1      | Reached skill level 1 in Stealth
   335 | D:1      | Reached XP level 2. HP: 13/16 MP: 1/3
   826 | D:2      | Reached skill level 2 in Stealth
   840 | D:2      | Found a transporter.
   845 | D:2      | Found a transporter.
   852 | D:2      | Found an ornate altar of the Wu Jian Council.
   852 | D:2      | Found an opulent altar of Gozag.
   855 | D:2      | Reached XP level 3. HP: 15/20 MP: 2/4
   862 | D:2      | Reached skill level 3 in Stealth
   867 | D:2      | Gained mutation: Your natural rate of healing is unusually
                  | fast. [Vine Stalker growth]
   867 | D:2      | Reached XP level 4. HP: 6/25 MP: 3/5
   933 | D:2      | Became a worshipper of the Wu Jian Council
  1493 | D:3      | Reached skill level 4 in Stealth
  1627 | D:3      | Found a faded altar of an unknown god.
  1666 | D:3      | Reached * piety under Wu Jian
  1666 | D:3      | Reached XP level 5. HP: 29/29 MP: 4/6
  1773 | D:3      | Noticed Natasha
  1785 | D:3      | Killed Natasha
  2043 | D:3      | Found a sparkling altar of Nemelex Xobeh.
  2297 | D:3      | Noticed Natasha
  2302 | D:3      | Killed Natasha
  2370 | D:3      | Noticed Natasha
  2377 | D:3      | Killed Natasha
  2401 | D:4      | Reached skill level 5 in Stealth
  2401 | D:4      | Reached XP level 6. HP: 30/34 MP: 5/7
  2502 | D:4      | Noticed Grinder
  2510 | D:4      | HP: 1/34 [Grinder (5)]
  2520 | D:4      | Killed from afar by Grinder

Skill      XL: |  1  2  3  4  5 |
---------------+----------------+-----
Stealth        | 1 2 3 4 5 |  5.3
Fighting       | 3 4 |  4.7
Polearms       | 2 |  2.0
Armour         | |  2.4
Shields        | |  2.6

Action                   |  1- 3 |  4- 6 || total
-------------------------+-------+-------++-------
Melee: Trident           |    57 |   171 ||   228
       Bite              |    10 |    42 ||    52
Invok: Lunge             |       |     5 ||     5
       Whirlwind         |       |     1 ||     1
  Use: Scroll            |       |     5 ||     5
 Stab: Distracted        |       |     1 ||     1
       Sleeping          |       |     1 ||     1
  Eat: Chunk             |       |     5 ||     5
Armor: Scale mail        |    21 |    60 ||    81
Dodge: Dodged            |    14 |    32 ||    46
Block: Shield            |    20 |    63 ||    83
